Map: Equilibrium LE

Players

Subwayeatn - Winner!

  • Race: Protoss Protoss
  • League: Platinum
  • Spawn Location: 1:00

jaiprime

  • Race: Zerg Zerg
  • League: Platinum
  • Spawn Location: 11:00

VOD

Have the link to the VOD?

Description

Time

  • Played on: Oct. 21, 2023, 3:51 p.m.
  • Length: 9:58
Show
View Real Time Build Order
Export as new Build Order

Subwayeatn Protoss - Winner!

Build Orders:  

Get SALT Encoding   

  12  0:00  Probe  
  13  0:12  Probe  
  14  0:18  Pylon  
  14  0:24  Probe  
  15  0:36  Probe  
  15  0:38  Gateway  
  16  0:48  Probe  
  17  0:54  Assimilator  
  17  1:01  Pylon, Probe  
  18  1:13  Probe (Chrono Boost)  
  19  1:22  Probe (Chrono Boost)  
  20  1:28  Cybernetics Core  
  20  1:29  Zealot  
  22  1:33  Probe (Chrono Boost)  
  23  1:45  Probe (Chrono Boost)  
  24  1:51  Probe (Chrono Boost)  
  25  2:01  Nexus  
  25  2:07  Stalker  
  27  2:13  Warp Gate  
  27  2:14  Probe  
  28  2:24  Pylon  
  28  2:25  Assimilator  
  28  2:27  Probe  
  29  2:48  Assimilator  
  29  2:51  Assimilator  
  29  2:53  Pylon  
  29  3:05  Stargate  
  29  3:19  Zealot  
  31  3:20  Probe x2 (Chrono Boost)  
  33  3:32  Probe x2 (Chrono Boost)  
  35  3:34  Stargate  
  35  3:38  Pylon  
  35  3:39  Probe x2 (Chrono Boost)  
  37  3:46  Zealot  
  37  3:47  Probe  
  40  3:49  Probe  
  41  4:09  Probe (Chrono Boost)  
  46  4:11  Void Ray  
  46  4:15  Probe (Chrono Boost)  
  47  4:20  Phoenix  
  49  4:30  Probe x2 (Chrono Boost)  
  51  4:41  Probe x2 (Chrono Boost)  
  57  4:51  Void Ray  
  61  4:55  Void Ray  
  61  4:59  Probe x2  
  63  5:06  Sentry  
  65  5:11  Probe  
  65  5:12  Probe  
  67  5:23  Twilight Council, Probe  
  67  5:24  Probe  
  67  5:25  Pylon  
  69  5:36  Probe  
  69  5:40  Protoss Air Weapons Level 1  
  70  5:43  Probe  
  70  5:45  Pylon  
  70  5:46  Pylon  
  70  5:49  Void Ray  
  75  5:53  Probe  
  75  5:55  Probe  
  77  6:03  Pylon  
  81  6:05  Probe  
  81  6:09  Void Ray  
  81  6:10  Zealot  
  84  6:13  Charge  
  84  6:19  Probe x2  
  86  6:31  Probe x2  
  88  6:40  Nexus  
  88  6:42  Assimilator  
  88  6:47  Void Ray (Chrono Boost), Assimilator  
  96  6:50  Pylon  
  96  6:52  Void Ray (Chrono Boost), Pylon  
  96  7:00  Probe  
  97  7:02  Stalker  
  97  7:19  Phoenix (Chrono Boost)  
  97  7:21  Phoenix (Chrono Boost)  
  94  7:27  Pylon  
  96  7:38  Stargate, Phoenix (Chrono Boost)  
  98  7:44  Phoenix (Chrono Boost)  
  98  7:49  Forge  
  100  7:55  Gateway  
  100  7:57  Gateway  
  100  8:02  Phoenix (Chrono Boost)  
  102  8:06  Phoenix (Chrono Boost)  
  102  8:07  Probe  
  102  8:08  Probe  
  102  8:11  Probe  
  107  8:19  Phoenix (Chrono Boost)  
  108  8:20  Probe x2  
  108  8:24  Phoenix (Chrono Boost)  
  108  8:25  Phoenix (Chrono Boost)  
  115  8:28  Robotics Facility  
  115  8:29  Probe  
  116  8:37  Phoenix (Chrono Boost)  
  116  8:40  Phoenix (Chrono Boost)  
  116  8:41  Phoenix (Chrono Boost)  
  121  8:50  Pylon  
  121  8:51  Photon Cannon  
  99  9:03  Photon Cannon  
  99  9:07  Photon Cannon  
  91  9:11  Phoenix x2  
  91  9:12  Phoenix  
  97  9:18  Probe x2  
Show
View Real Time Build Order
Export as new Build Order

jaiprime Zerg 

Build Orders: Hatch First 

Get SALT Encoding   

  12  0:00  Drone  
  13  0:09  Drone  
  14  0:16  Overlord  
  14  0:34  Drone x3  
  17  0:50  Drone  
  17  0:53  Extractor  
  17  0:57  Hatchery  
  17  1:03  Drone  
  17  1:08  Drone  
  18  1:20  Drone, Spawning Pool  
  18  1:29  Drone  
  19  1:41  Drone  
  20  1:53  Drone  
  21  2:08  Queen  
  21  2:09  Queen  
  21  2:11  Drone x2  
  21  2:13  Overlord  
  27  2:21  Drone  
  28  2:39  Drone x3  
  31  2:46  Hatchery  
  31  2:47  Drone x2  
  32  3:02  Drone x2  
  34  3:08  Lair  
  34  3:10  Extractor, Drone  
  34  3:12  Extractor  
  33  3:15  Metabolic Boost  
  33  3:16  Extractor  
  32  3:21  Drone x4  
  36  3:29  Overlord  
  36  3:32  Overlord  
  36  3:47  Drone x3  
  39  3:53  Drone  
  39  3:55  Drone x2  
  42  3:56  Drone x3  
  45  4:08  Drone  
  45  4:09  Spire  
  45  4:14  Drone x2, Queen  
  49  4:17  Overlord  
  49  4:19  Overlord  
  49  4:26  Drone  
  49  4:29  Drone  
  49  4:30  Infestation Pit  
  50  4:37  Spore Crawler  
  49  4:41  Spore Crawler  
  49  4:42  Drone  
  49  4:43  Drone x2  
  51  4:48  Spore Crawler  
  50  4:56  Drone  
  50  4:58  Drone x2  
  50  4:59  Drone  
  54  5:00  Drone  
  54  5:02  Drone x3  
  54  5:03  Drone x5  
  63  5:09  Pneumatized Carapace  
  63  5:20  Mutalisk  
  65  5:24  Overlord  
  65  5:25  Overlord x2  
  65  5:32  Drone  
  65  5:33  Extractor, Drone  
  65  5:34  Extractor  
  65  5:42  Mutalisk x8  
  81  5:54  Drone x2  
  81  5:56  Drone x2  
  85  5:59  Hatchery  
  85  6:03  Drone  
  85  6:04  Mutalisk x2  
  89  6:23  Overlord x3  
  89  6:24  Overlord  
  89  6:31  Overseer  
  89  6:38  Zerg Flyer Weapons Level 1  
  89  6:42  Drone x4, Spire  
  89  6:43  Drone  
  89  6:44  Mutalisk x3  
  99  6:53  Mutalisk x2  
  103  7:08  Drone x5  
  106  7:10  Mutalisk x2  
  108  7:26  Corruptor  
  108  7:27  Corruptor x2  
  110  7:34  Extractor, Drone x2  
  110  7:36  Extractor, Queen  
  112  7:37  Overlord  
  112  7:38  Overlord x5  
  112  7:55  Corruptor x3  
  112  7:56  Corruptor x2  
  122  7:59  Drone  
  122  8:00  Mutalisk  
  125  8:12  Mutalisk x2  
  129  8:31  Spore Crawler  
  129  8:32  Drone x3  
  131  8:35  Overlord x5  
  131  8:39  Hatchery  
  130  8:42  Extractor  
  130  8:44  Extractor  
  98  9:09  Mutalisk x12  
  108  9:18  Drone x4  
  104  9:43  Spine Crawler  
  104  9:45  Spine Crawler  
Tags
 
Add a new tag
Caveats
  • Supply blocks, unpowered buildings, or Contaminate may cause inaccurate times.
  • Supply counts are checked every 10 seconds.